 Dungeon Crawl Stone Soup version 0.31-a0-233-g139696dc86 (webtiles) character file.

Game seed: 9814934185005673049

371 Nietzsche the Slasher (level 6, -1/47 HPs)
             Began as a Merfolk Gladiator on July 10, 2023.
             Slain by a quokka (4 damage)
             ... summoned by Eustachio
             ... on level 4 of the Dungeon.
             The game lasted 00:09:18 (2856 turns).

Nietzsche the Slasher (Merfolk Gladiator)           Turns: 2856, Time: 00:09:32

Health: -1/47      AC:  5    Str: 21    XL:     6   Next: 71%
Magic:  8/8        EV: 14    Int:  9    God:
Gold:   152        SH:  0    Dex: 16    Spells: 8/8 levels left

rFire   . . .        v - +8 whip "Kyfeodib" {spect, rCorr Str+7 Stlth+}
rCold   . . .        (no shield)
rNeg    . . .        b - +1 leather armour
rPois   .            c - +0 helmet
rElec   .            (no cloak)
rCorr   +            (no gloves)
SInv    .            (no boots)
Will    .....        (no amulet)
Stlth   +++          (no ring)
HPRegen 0.27/turn    (no ring)
MPRegen 0.11/turn

%: no passive effects
@: no status effects
A: (nimble swimmer 2), mertail
a: no special abilities


You were on level 4 of the Dungeon.
You visited 1 branch of the dungeon, and saw 4 of its levels.

You collected 152 gold pieces.

Inventory:

Hand Weapons
 a - a +1 trident
 l - the +1 great sword of Cataclysm {holy, Drain rN++ Will+ Str+3}
   (You found it on level 2 of the Dungeon)

   Str:       It affects your strength (+3).
   rN:        It greatly protects you from negative energy.
   Drain:     It drains your maximum health when unequipped.
   Will:      It increases your willpower.
 m - the +10 sling of Fate {heavy, Str+3}
   (You found it on level 2 of the Dungeon)

   Str:       It affects your strength (+3).
 u - a +3 mace of draining
 v - the +8 whip "Kyfeodib" (weapon) {spect, rCorr Str+7 Stlth+}
   (You found it on level 3 of the Dungeon)

   Str:       It affects your strength (+7).
   rCorr:     It protects you from acid and corrosion.
   Stlth:     It makes you more stealthy.
Missiles
 d - 3 throwing nets (quivered)
 e - a javelin
Armour
 b - a +1 leather armour (worn)
 c - a +0 helmet (worn)
Jewellery
 h - a +6 ring of dexterity
 q - an amulet of regeneration
Wands
 s - a wand of flame (2)
Scrolls
 g - a scroll of enchant armour
 i - 2 scrolls of amnesia
 j - a scroll of silence {unknown}
 n - a scroll of immolation {unknown}
 p - a scroll of fog {unknown}
 r - 2 scrolls of identify {unknown}
Potions
 f - a potion of brilliance
 k - a potion of curing
 o - a potion of heal wounds {unknown}
 t - a potion of attraction {unknown}
 w - a potion of magic
 x - a potion of haste {unknown}


   Skills:
 + Level 3.1 Fighting
 * Level 5.4 Long Blades
 - Level 4.9 Polearms
 - Level 2.0 Throwing
 - Level 0.2 Armour
 + Level 4.9 Dodging
 + Level 0.9 Stealth
 * Level 1.8 Spellcasting


You had 8 spell levels left.
You didn't know any spells.
Your spell library contained the following spells:

 Spells                   Type           Power      Damage    Failure   Level
 Blink                    Tloc           0%         N/A       52%         2
 Lesser Beckoning         Tloc           0%         N/A       52%         2
 Momentum Strike          Conj/Tloc      0%         3d8       52%         2


Dungeon Overview and Level Annotations

Branches:
Dungeon (4/15)
 Temple: D:4-7

Altars:
Elyvilon
Fedhas
Ru

Shops:
D:1 !

Annotations:
D:4 Eustachio


Innate Abilities, Weirdness & Mutations

((You are very nimble when in or above water. (Stealth+, EV+, Speed+++)))
Your lower body shifts to a powerful aquatic tail in water.


Message History

Things that are here:
a +0 dagger; a +0 robe You whack Eustachio!
Eustachio is moderately wounded.
Your +8 whip "Kyfeodib" {spect, rCorr Str+7 Stlth+} barely misses Eustachio.
Eustachio asks, "How can you live without manners, virtues and honour?"
Eustachio mumbles some strange words.
You hit Eustachio.
Eustachio is moderately wounded.
Your +8 whip "Kyfeodib" {spect, rCorr Str+7 Stlth+} hits Eustachio!
Eustachio hits you with a +0 falchion!
You whack Eustachio!
Eustachio is severely wounded.
Your +8 whip "Kyfeodib" {spect, rCorr Str+7 Stlth+} barely misses Eustachio.
Eustachio misses you.
You barely miss Eustachio. Your punch misses Eustachio.
Eustachio is severely wounded.
Your +8 whip "Kyfeodib" {spect, rCorr Str+7 Stlth+} closely misses Eustachio.
Eustachio casts a spell.
Eustachio blinks!
Your +8 whip "Kyfeodib" {spect, rCorr Str+7 Stlth+} disappears.
You barely miss Eustachio.
Eustachio is severely wounded.
Your +8 whip "Kyfeodib" {spect, rCorr Str+7 Stlth+} barely misses Eustachio.
Eustachio hits you with a +0 falchion. The quokka barely misses you.
You closely miss Eustachio.
Eustachio is severely wounded.
Your +8 whip "Kyfeodib" {spect, rCorr Str+7 Stlth+} hits Eustachio!
Eustachio hits your +8 whip "Kyfeodib" {spect, rCorr Str+7 Stlth+} with a +0 falchion!
Your spectral weapon shares its damage with you!
* * * LOW HITPOINT WARNING * * *
The quokka misses you.
It was a potion of magic.
Magic courses through your body.
Your +8 whip "Kyfeodib" {spect, rCorr Str+7 Stlth+} disappears.
The quokka bites you.
* * * LOW HITPOINT WARNING * * *
Eustachio hits you with a +0 falchion!
* * * LOW HITPOINT WARNING * * *
The quokka bites you.
You die...

#.#.#.#.#.#.#.#.#.#.
#..###.###.###.###.#
#.#.#.#.#.#.#.#.#.#.
#..#.#.#.#.#.#.#.#.#
#.##################
#.# #.##### #.@##.#
##.@rr# . ####.# .Z.
#.######8PPo.
#r...oo@.§§..
########..§P# #§#


You could see Eustachio and 2 quokkas.

Vanquished Creatures
  An orc warrior (D:4)
  A phantom (D:4)
  A howler monkey (D:3)
  Ijyb (D:3)
  Terence (D:3)
  An orc wizard (D:4)
  3 adders
  A worm (D:2)
  A dart slug (D:3)
  An orc (D:3)
  4 ball pythons
  6 bats
  3 endoplasms
  5 giant cockroaches
  6 goblins
  8 hobgoblins
  4 jackals (D:1)
  2 quokkas
  3 frilled lizards
  2 kobolds
  5 rats
60 creatures vanquished.

Notes
Turn   | Place    | Note
-------+----------+-------------------------------------------
     0 | D:1      | Nietzsche the Merfolk Gladiator began the quest for the
                  | Orb.
     0 | D:1      | Reached XP level 1. HP: 16/16 MP: 1/1
    82 | D:1      | Found Ytetimec's Distillery.
   116 | D:1      | Reached XP level 2. HP: 22/22 MP: 2/2
   384 | D:1      | Reached XP level 3. HP: 28/28 MP: 3/3
   810 | D:2      | Identified the +10 sling of Fate {heavy, Str+3}
   843 | D:2      | Identified the +1 great sword of Cataclysm {holy, Drain
                  | rN++ Will+ Str+3}
  1919 | D:3      | Reached XP level 4. HP: 30/34 MP: 5/5
  1964 | D:3      | Reached skill level 1 in Long Blades
  2018 | D:3      | Found a sacrificial altar of Ru.
  2080 | D:3      | Reached skill level 1 in Spellcasting
  2098 | D:3      | Noticed Ijyb
  2124 | D:3      | Killed Ijyb
  2125 | D:3      | Reached skill level 2 in Long Blades
  2297 | D:3      | Noticed Terence
  2302 | D:3      | Killed Terence
  2303 | D:3      | Reached skill level 3 in Long Blades
  2303 | D:3      | Reached XP level 5. HP: 32/39 MP: 6/6
  2442 | D:3      | Found a blossoming altar of Fedhas.
  2443 | D:3      | Identified the +8 whip "Kyfeodib" {spect, rCorr Str+7
                  | Stlth+}
  2742 | D:4      | Found a white marble altar of Elyvilon.
  2816 | D:4      | Noticed a phantom
  2818 | D:4      | Noticed an orc warrior
  2825 | D:4      | Killed a phantom
  2826 | D:4      | Reached skill level 4 in Long Blades
  2826 | D:4      | Reached XP level 6. HP: 23/46 MP: 6/8
  2826 | D:4      | Noticed Eustachio
  2842 | D:4      | Killed an orc warrior
  2843 | D:4      | Reached skill level 5 in Long Blades
  2856 | D:4      | Slain by a quokka

Illustrated notes

Levels and vault maps discovered:
D:1:      ebering_trefoil_twist, layout_basic, serial_curves, eino_curves_01,
          eino_curves_03, serial_shops, shop, minmay_misc_feat_chi,
          minmay_strange_pillars
D:2:      layout_basic
D:3:      layout_loops_cross, hangedman_ru_absence, fedhas_altar_2,
          corexii_shack, chequers_serial_rivers_micro_a, uniq_terence, uniq_ijyb
D:4:      layout_loops_ring, mainiacjoe_overflow_24_doors,
          minmay_temple_entry_glass, serial_undead, serial_undead_c,
          serial_undead_e, serial_undead_e, serial_undead_d,
          kennysheep_cluttered_room, roderic_roman_lattice, uniq_eustachio,
          uniq_blork_the_orc

Skill      XL: |  1  2  3  4  5  6 |
---------------+-------------------+-----
Long Blades    | 3 4 5 |  5.4
Spellcasting   | 1 |  1.8
Fighting       | 3 |  3.1
Polearms       | |  4.9
Throwing       | |  2.0
Armour         | |  0.2
Dodging        | |  4.9
Stealth        | |  0.9

Action                     |  1- 3 |  4- 6 || total
---------------------------+-------+-------++-------
  Melee: Trident           |    93 |       ||    93
         Punch             |     1 |       ||     1
         Great sword       |    40 |    38 ||    78
         Whip              |       |    27 ||    27
    Use: Scroll            |     5 |       ||     5
         Potion            |     2 |     1 ||     3
   Stab: Sleeping          |     2 |     1 ||     3
 Armour: Leather armour    |    35 |    16 ||    51
  Dodge: Dodged            |    99 |    45 ||   144

Table legend: (Time is in decaauts)
 A = Elapsed time spent in this place.
 B = Non-inter-level travel time spent in this place.
 C = Inter-level travel time spent in this place.
 D = Time resting spent in this place.
 E = Time spent auto-exploring this place.
 F = Levels seen in this place.
 G = Mean time per level.
                   A        B        C        D        E       F      G
               +--------+--------+--------+--------+--------+-----+--------+
         Total |   2907 |   2689 |    218 |      0 |   2082 |   4 |  726.8 |
       Dungeon |   2907 |   2689 |    218 |      0 |   2082 |   4 |  726.8 |
               +--------+--------+--------+--------+--------+-----+--------+

Top non-repeatable levels by time:
     D:2: 1142 daAuts
     D:3: 876 daAuts
     D:1: 736 daAuts
     D:4: 151 daAuts
